 Dungeon Crawl Stone Soup version 0.28.0-43-g3370ac3207 (webtiles) character file.

Game seed: 1712326733928900009

107501 xzight the Severer (level 16, -10/105 HPs)
             Began as a Gargoyle Fighter on Mar 19, 2022.
             Was the Champion of Okawaru.
             Mangled by a very large slime creature (37 damage)
             ... on level 14 of the Dungeon on Mar 20, 2022.
             The game lasted 01:10:24 (25298 turns).

xzight the Severer (Gargoyle Fighter)              Turns: 25298, Time: 01:10:25

Health: -10/105    AC: 45    Str: 26    XL:     16   Next: 47%
Magic:  33/33      EV:  5    Int: 14    God:    Okawaru [******]
Gold:   74         SH: 12    Dex:  9    Spells: 15/15 levels left

rFire   + . .      SeeInvis .   a - +4 broad axe "Feaclam" {flame, rC+}
rCold   + + +      Faith    .   P - +0 kite shield
rNeg    + + .      Spirit   .   L - +0 crystal plate armour {rC+}
rPois   ∞          Reflect  .   w - +1 helmet
rElec   +          Harm     .   M - +1 cloak
rCorr   .          Rampage  +   g - +0 pair of gloves
Will    ++...                   E - +2 pair of boots {rampage}
Stlth   ..........              k - amulet of regeneration
HPRegen 1.07/turn               l - ring "Midetost" {rC+ rN+ Will+ MP+9 Int+3}
MPRegen 0.23/turn               f - ring of protection from fire

@: flying
A: sickness immunity, AC +12, big wings, negative energy resistance 1,
electricity resistance, torment resistance 1, petrification resistance
a: Renounce Religion, Heroism, Finesse, Duel


You were on level 14 of the Dungeon.
You worshipped Okawaru.
Okawaru was exalted by your worship.
You visited 4 branches of the dungeon, and saw 23 of its levels.
You visited 1 bazaar.
You also visited: Gauntlet and Ice Cave.

You collected 2305 gold pieces.
You spent 2231 gold pieces at shops.


Innate Abilities, Weirdness & Mutations

You are immune to sickness and miasma.
Your stone body is resilient. (AC +12)
You are immune to poison.
Your large and strong wings let you fly.
You resist negative energy. (rN+)
You are resistant to electric shocks. (rElec)
You are resistant to unholy torment.
You are immune to petrification.


   Skills:
 + Level 13.8 Fighting
 * Level 16.0 Axes
 + Level 13.8 Armour
 + Level 13.8 Shields
 + Level 11.9 Invocations


You had 15 spell levels left.
You didn't know any spells.
Your spell library contained the following spells:

 Spells                   Type           Power      Damage    Failure   Level
 Apportation              Tloc           0%         N/A       100%        1
 Freeze                   Ice            0%         1d3       100%        1
 Sandblast                Erth           0%         2d4       100%        1
 Corpse Rot               Necr/Air       0%         N/A       100%        2
 Ensorcelled Hibernation  Hex/Ice        0%         N/A       100%        2
 Passwall                 Tmut/Erth      0%         N/A       100%        2
 Poisonous Vapours        Pois/Air       0%         N/A       100%        2
 Searing Ray              Conj           0%         2d4       100%        2
 Confusing Touch          Hex            0%         N/A       100%        3
 Dazzling Flash           Conj/Hex       0%         N/A       100%        3
 Frozen Ramparts          Ice            0%         1d2       100%        3
 Ignite Poison            Fire/Tmut/Pois 0%         N/A       100%        3
 Inner Flame              Hex/Fire       0%         N/A       100%        3
 Ozocubu's Armour         Ice            0%         N/A       100%        3
 Spider Form              Tmut/Pois      0%         N/A       100%        3
 Stone Arrow              Conj/Erth      0%         3d7       100%        3
 Swiftness                Air            0%         N/A       100%        3
 Cause Fear               Hex            0%         N/A       100%        4
 Hailstorm                Conj/Ice       0%         3d3       100%        4
 Iskenderun's Mystic Bla  Conj/Tloc      0%         2d3       100%        4
 Leda's Liquefaction      Hex/Erth       0%         N/A       100%        4
 Agony                    Necr           0%         N/A       100%        5
 Fireball                 Conj/Fire      0%         3d3       100%        5
 Iskenderun's Battlesphe  Conj           0%         2d6       100%        5
 Silence                  Hex/Air        0%         N/A       100%        5
 Yara's Violent Unravell  Hex/Tmut       0%         3d3       100%        5
 Conjure Ball Lightning   Conj/Air       0%         3x3d6     100%        6
 Dispersal                Tloc           0%         N/A       100%        6
 Iron Shot                Conj/Erth      0%         9d1       100%        6
 Enfeeble                 Hex            0%         N/A       100%        7
 Orb of Destruction       Conj           0%         9d5       100%        7
 Ozocubu's Refrigeration  Ice            0%         4d5       100%        7
 Discord                  Hex            0%         N/A       100%        8
 Disjunction              Tloc           0%         N/A       100%        8
 Animate Skeleton         Necr           Unusable   N/A       N/A         1
 Summon Small Mammal      Summ           Unusable   N/A       N/A         1
 Summon Forest            Summ/Tloc      Unusable   N/A       N/A         5
 Malign Gateway           Summ/Tloc      Unusable   N/A       N/A         7
 Spellforged Servitor     Conj/Summ      Unusable   N/A       N/A         7

Inventory:

Hand Weapons
 a - the +4 broad axe "Feaclam" (weapon) {flame, rC+}
   (Okawaru gifted it to you on level 12 of the Dungeon)

   It burns those it strikes, dealing additional fire damage.
   Big, fiery blades are also staple armaments of hydra-hunters.
   rC:        It protects you from cold.
 c - a +2 broad axe of freezing
 s - a +0 broad axe of draining
 K - a +4 broad axe of protection
Missiles
 G - 14 boomerangs (quivered)
 V - a throwing net {=f}
Armour
 g - a +0 pair of gloves (worn)
 w - a +1 helmet (worn)
 E - a +2 pair of boots of rampaging (worn)
 L - a +0 crystal plate armour of cold resistance (worn)
 M - a +1 cloak (worn)
 P - a +0 kite shield (worn)
Jewellery
 f - a ring of protection from fire (right hand)
 k - an amulet of regeneration (around neck)
 l - the ring "Midetost" (left hand) {rC+ rN+ Will+ MP+9 Int+3}
   (You acquired it on level 4 of the Lair of Beasts)

   [ring of magical power]

   Int:       It affects your intelligence (+3).
   rC:        It protects you from cold.
   rN:        It protects you from negative energy.
   MP:        It affects your magic capacity (+9).
   Will:      It increases your willpower.
 o - an amulet of reflection
 D - a +6 ring of dexterity
 N - a ring of positive energy
 R - a ring of resist corrosion
 S - the ring "Paug" {Drain rCorr MP-9 AC+4 Int+9}
   (You found it in a Gauntlet)

   [ring of protection]

   AC:        It affects your AC (+4).
   Int:       It affects your intelligence (+9).
   MP:        It affects your magic capacity (-9).
   rCorr:     It protects you from acid and corrosion.
   Drain:     It drains your maximum health when unequipped.
 T - a +4 ring of protection
 U - the ring of Zennu {rPois rN+ Stlth+}
   (You found it in a Gauntlet)

   [ring of positive energy]

   rPois:     It protects you from poison.
   rN:        It protects you from negative energy.
   Stlth:     It makes you more stealthy.
Wands
 t - a wand of flame (54)
 y - a wand of iceblast (3)
 H - a wand of polymorph (11)
 J - a wand of digging (6)
Scrolls
 d - 4 scrolls of fear
 e - a scroll of identify {@r1}
 h - a scroll of holy word
 i - a scroll of vulnerability
 j - 2 scrolls of immolation
 n - 4 scrolls of fog
 u - 9 scrolls of enchant weapon
 v - 2 scrolls of enchant armour
 z - 10 scrolls of teleportation {@r2}
 O - 2 scrolls of blinking
Potions
 m - 5 potions of attraction
 p - 4 potions of brilliance
 q - 8 potions of curing {@q1}
 r - 4 potions of invisibility
 x - 5 potions of heal wounds {@q2}
 A - 4 potions of haste {@q3}
 B - 2 potions of resistance
 C - 2 potions of might
 F - 2 potions of lignification
 I - 3 potions of mutation
 Q - a potion of magic
Miscellaneous
 b - a lightning rod (4/4)

Dungeon Overview and Level Annotations

Branches:
Dungeon (14/15)            Temple (1/1) D:6            Lair (6/6) D:10
  Swamp (0/4) Lair:4        Snake (0/4) Lair:4        Slime (0/5) Lair:6
    Orc (2/2) D:12            Elf (0/3) Orc:2        Vaults (0/5) D:13
  IceCv (visited)         Gauntlet (visited)

Altars:
Ashenzari
Cheibriados
Dithmenos
Elyvilon
Fedhas
Gozag
Hepliaklqana
Kikubaaqudgha
Makhleb
Nemelex Xobeh
Okawaru
Qazlal
Ru
Sif Muna
Trog
Uskayaw
Vehumet
Wu Jian
Xom
Yredelemnul
Zin
The Shining One
Beogh

Shops:
D:1 (   D:7 *   D:12 (?=*:   Orc:2 [(?([

Annotations:
D:11 4 runed translucent doors

###
##############.....
#.....@J...........
#.##########.....##
#.# .. ......# #.#
#.# .....## #.# #.#
#...## #.# #.# #.##
#.###.# ## #.....#
####..#


You could see a very large slime creature.


Message History

You barely miss the large slime creature.
The enormous slime creature hits you!!! The large slime creature hits you!!
* * * LOW HITPOINT WARNING * * *
Unknown command.
You are too injured to fight recklessly!
Unknown command.
You are too injured to fight recklessly!
Unknown command.
You are too injured to fight recklessly!
An enormous slime creature splits.
A large slime creature splits.
You slice the large slime creature!! You burn the large slime creature!
The large slime creature is severely wounded.
You block the large slime creature's attack.
You slice the large slime creature!! You burn the large slime creature!
The large slime creature is almost dead.
Two slime creatures merge to form a very large slime creature.
The large slime creature hits you!!
* * * LOW HITPOINT WARNING * * *
You slash the large slime creature! You burn the large slime creature.
You kill the large slime creature!
Okawaru accepts your kill.
You hit the very large slime creature. You burn the very large slime creature.
The very large slime creature is severely wounded.
You block the very large slime creature's attack.
You slash the very large slime creature!
You burn the very large slime creature.
The very large slime creature is almost dead.
The very large slime creature hits you!!!
You die...

Skill      XL: |  1  2  3  4  5  6  7  8  9 10 11 12 13 14 15 16 |
---------------+-------------------------------------------------+-----
Axes           | 2 3 4 5 6 8 9 10 12 13 14 15 16 | 16.0
Armour         | 4 5 6 7 8 9 10 11 12 13 | 13.8
Shields        | 4 5 6 7 8 9 10 11 12 13 | 13.8
Fighting       | 4 5 6 7 8 9 10 11 12 13 | 13.8
Invocations    | 1 4 5 7 8 10 11 | 11.9

Action                   |  1- 3 |  4- 6 |  7- 9 | 10-12 | 13-15 | 16-18 || total
-------------------------+-------+-------+-------+-------+-------+-------++-------
Melee: War axe           |    50 |       |       |       |       |       ||    50
       Hand axe          |    53 |   162 |   366 |   831 |       |       ||  1412
       Whip              |       |       |       |    26 |       |       ||    26
       Broad axe         |       |       |       |   252 |  1364 |   266 ||  1882
Throw: Throwing net      |       |       |       |     1 |       |       ||     1
Invok: Finesse           |       |       |       |     2 |     4 |     2 ||     8
       Heroism           |       |       |       |     2 |     2 |     1 ||     5
Evoke: Wand              |       |       |       |     2 |       |       ||     2
  Use: Potion            |       |     1 |     2 |     6 |     1 |     1 ||    11
       Scroll            |       |       |     7 |    12 |     9 |       ||    28
 Stab: Held in net/web   |       |       |       |     1 |       |       ||     1
Armor: Scale mail        |    51 |   135 |    34 |       |       |       ||   220
       Chain mail        |       |       |   135 |       |       |       ||   135
       Plate armour      |       |       |   121 |   749 |  1129 |   291 ||  2290
       Crystal plate arm |       |       |       |       |       |     7 ||     7
Dodge: Dodged            |    45 |   114 |    96 |   260 |   420 |    76 ||  1011
Block: Buckler           |    24 |    44 |    67 |   293 |   383 |       ||   811
       Kite shield       |       |       |       |       |    27 |   186 ||   213

Levels and vault maps discovered:
D:1:      scummos_arrival_gate, layout_rooms, serial_shops,
          nicolae_shop_hallway_plus
D:2:      layout_rooms, st_stairs_13, minmay_heptomino_w4
D:3:      layout_basic, uniq_crazy_yiuf_cottage
D:4:      layout_cave_pools, kennysheep_mini_moat,
          chequers_serial_rivers_small_b, minmay_puff, uniq_pargi
D:5:      minmay_bubble_buster, layout_gridville,
          nicolae_overflow_hidden_temple, st_stairs_1, uniq_sigmund
D:6:      layout_basic, lemuel_coloured_pillars_altar,
          mainiacjoe_overflow_concentric_impassable, temple_doors_e,
          uniq_duvessa, uniq_maggie
D:7:      layout_loops_ring, grunt_gozag_statues, minmay_misc_feat_rows,
          nicolae_specific_store, hangedman_decor_clover_reticule, uniq_menkaure
D:8:      layout_loops_ring
D:9:      layout_basic, uniq_erolcha
D:10:     layout_irregular_city, zin_academy, mainiacjoe_overflow_paths,
          lair_entry_dummy, small_chamber_with_monster, uniq_sonja
D:11:     layout_roguey, minmay_hollow_rounded_squares
D:12:     layout_basic, zombieorc2_lemuel, serial_shops,
          nicolae_shop_hallway_stairs, nicolae_shop_hallway_plus,
          nicolae_shop_statue_plus, shop, shop
D:13:     layout_small_grid, ximxim_vaults_locker_room, serial_shops,
          bzr_entry_water, gauntlet_entry_generic
D:14:     layout_loops_ring, serial_shops, shop_statue,
          corexii_leaking_fountain, portal_ice_cave_entry_frozen_things
Temple:   chequers_temple_sunken
Lair:1:   layout_cave_pods, uniq_fannar, uniq_urug
Lair:2:   layout_cave_pods, evilmike_ambush [evilmike_ambush_outer_corners,
          evilmike_ambush_inner_pond]
Lair:3:   statuecave_lemuel, layout_cellular_growth, serial_bayou_pond_e,
          serial_bayou_shore_a
Lair:4:   layout_regular_city, nicolae_swamp_entry_splash_gauntlet,
          minmay_snake_entry_guardpost_small, serial_bayou_ford_a,
          serial_bayou_shore_b
Lair:5:   gammafunk_mikee_crab_dinner, layout_hall_layers, grunt_megastairs_1
Lair:6:   hangedman_lair_caniforms_friends, layout_small_grid,
          guppyfry_lair_end_dragon, minmay_slime_entry_pillars,
          fungi_pond_lemuel, st_stairs_5, infiniplex_staircase_pool_2
Orc:1:    layout_caves, mines4_lemuel
Orc:2:    grunt_orc_community_town_hall, layout_caves,
          grunt_orc_community_big_house_2, grunt_orc_community_big_house_2,
          grunt_orc_community_house_2, grunt_orc_community_house_3,
          grunt_orc_community_house_1, grunt_orc_community_house_1,
          grunt_orc_community_house_2, serial_shops, shop_statue, uniq_donald

Notes
Turn   | Place    | Note
-------+----------+-------------------------------------------
     0 | D:1      | xzight the Gargoyle Fighter began the quest for the Orb.
     0 | D:1      | Reached XP level 1. HP: 14/14 MP: 1/1
   280 | D:1      | Reached skill level 2 in Axes
   282 | D:1      | Reached XP level 2. HP: 19/19 MP: 2/2
   282 | D:1      | Found Diojiun's Antique Weapon Boutique.
   876 | D:2      | Reached XP level 3. HP: 15/23 MP: 3/3
  1212 | D:2      | Reached XP level 4. HP: 29/29 MP: 4/4
  1306 | D:2      | Reached skill level 3 in Axes
  1719 | D:3      | Reached skill level 4 in Armour
  1728 | D:3      | Reached skill level 4 in Shields
  1826 | D:3      | Reached skill level 4 in Fighting
  1826 | D:3      | Reached XP level 5. HP: 33/33 MP: 5/5
  1883 | D:3      | Found a runed translucent door.
  1884 | D:3      | Noticed Crazy Yiuf
  2206 | D:3      | Killed Crazy Yiuf
  2398 | D:4      | Noticed Pargi
  2589 | D:3      | Reached XP level 6. HP: 36/39 MP: 6/6
  2653 | D:4      | Noticed a black bear
  2978 | D:3      | Killed Pargi
  2978 | D:3      | Killed a black bear
  2979 | D:3      | Reached skill level 4 in Axes
  2995 | D:4      | Reached XP level 7. HP: 44/44 MP: 7/7
  3147 | D:4      | Found a blossoming altar of Fedhas.
  3254 | D:4      | Identified the +4 war axe of the Unstoppable Knives
                  | {vorpal, +Blink Dex+4}
  3793 | D:5      | Entered Level 5 of the Dungeon
  3807 | D:5      | Reached skill level 5 in Fighting
  3807 | D:5      | Reached skill level 5 in Armour
  3807 | D:5      | Reached skill level 5 in Shields
  3901 | D:5      | Reached skill level 5 in Axes
  3932 | D:5      | Reached XP level 8. HP: 40/50 MP: 8/8
  4075 | D:5      | Identified the +1 scale mail "Pyoh" {Rampage *Slow Int-2
                  | Stlth+}
  4430 | D:5      | Noticed a two-headed ogre
  4453 | D:5      | Reached skill level 6 in Axes
  4462 | D:5      | Noticed Sigmund
  4468 | D:5      | Reached skill level 6 in Fighting
  4470 | D:5      | Killed a two-headed ogre
  4471 | D:5      | Reached skill level 6 in Armour
  4471 | D:5      | Reached skill level 6 in Shields
  4471 | D:5      | Reached XP level 9. HP: 26/56 MP: 9/9
  4478 | D:5      | Killed Sigmund
  4479 | D:5      | Reached skill level 7 in Axes
  4635 | D:5      | Found an iron altar of Okawaru.
  4722 | D:6      | Noticed Maggie
  4887 | D:6      | Found a basalt altar of Yredelemnul.
  4962 | D:6      | Noticed Duvessa
  4964 | D:6      | Noticed Dowan
  4992 | D:6      | Killed Dowan
  4993 | D:6      | Reached skill level 7 in Fighting
  5010 | D:6      | Killed Duvessa
  5011 | D:6      | Reached skill level 7 in Armour
  5011 | D:6      | Reached skill level 7 in Shields
  5258 | D:5      | Found a stormy altar of Qazlal.
  5258 | D:5      | Found a snail-covered altar of Cheibriados.
  5258 | D:5      | Found a shadowy altar of Dithmenos.
  5274 | D:5      | Became a worshipper of Warmaster Okawaru
  5322 | D:6      | You fall into a shaft and drop 2 floors!
  5371 | D:8      | Reached skill level 8 in Axes
  5382 | D:8      | Reached * piety under Okawaru
  5383 | D:8      | Reached skill level 1 in Invocations
  5424 | D:8      | Reached XP level 10. HP: 58/63 MP: 9/11
  6075 | D:6      | Found a staircase to the Ecumenical Temple.
  6236 | D:6      | Reached skill level 2 in Invocations
  6244 | D:6      | Killed Maggie
  6621 | D:6      | Found a shimmering blue altar of Sif Muna.
  6955 | Temple   | Entered the Ecumenical Temple
  7185 | D:7      | Found Jyruntab's Specific Store.
  7186 | D:7      | Found Vyicoph's General Store.
  7194 | D:7      | Bought a scroll of identify for 26 gold pieces
  7198 | D:7      | Bought a scroll of identify for 30 gold pieces
  7268 | D:7      | Noticed Menkaure
  7276 | D:7      | Killed Menkaure
  7462 | D:7      | Found an opulent altar of Gozag.
  8087 | D:9      | Reached ** piety under Okawaru
  8088 | D:9      | Reached skill level 8 in Fighting
  8088 | D:9      | Reached skill level 8 in Armour
  8088 | D:9      | Reached skill level 3 in Invocations
  8114 | D:9      | Reached skill level 8 in Shields
  8194 | D:9      | Noticed Erolcha
  8233 | D:9      | Killed Erolcha
  8234 | D:9      | Reached skill level 9 in Axes
  8411 | D:9      | Reached *** piety under Okawaru
  8419 | D:9      | Reached skill level 4 in Invocations
  8495 | D:9      | Reached XP level 11. HP: 69/69 MP: 14/14
  8998 | D:9      | Reached **** piety under Okawaru
  9239 | D:10     | Entered Level 10 of the Dungeon
  9383 | D:10     | Reached skill level 10 in Axes
  9388 | D:10     | Noticed a two-headed ogre
  9406 | D:10     | Killed a two-headed ogre
  9407 | D:10     | Reached skill level 9 in Fighting
  9407 | D:10     | Reached skill level 9 in Armour
  9407 | D:10     | Reached skill level 5 in Invocations
  9494 | D:10     | Found a glowing silver altar of Zin.
  9520 | D:10     | Found a bloodstained altar of Trog.
  9539 | D:10     | Reached skill level 9 in Shields
  9584 | D:10     | Noticed Sonja
  9640 | D:10     | Found a staircase to the Lair.
  9804 | D:10     | Reached ***** piety under Okawaru
  9918 | D:10     | Noticed a seven-headed hydra
  9982 | D:10     | Killed a seven-headed hydra
 10154 | D:10     | Killed Sonja
 10571 | D:11     | Found a large runed translucent door.
 10571 | D:11     | Found a large runed translucent door.
 10601 | D:11     | Reached XP level 12. HP: 76/76 MP: 16/16
 10622 | D:11     | Found a large runed translucent door.
 10622 | D:11     | Found a large runed translucent door.
 10876 | D:11     | Noticed a two-headed ogre
 10962 | D:11     | Killed a two-headed ogre
 10963 | D:11     | Reached skill level 6 in Invocations
 11157 | D:11     | Received a gift from Okawaru
 11158 | D:11     | Reached skill level 11 in Axes
 11354 | D:11     | Reached skill level 10 in Fighting
 11354 | D:11     | Reached skill level 10 in Armour
 11510 | D:12     | Noticed a two-headed ogre
 11528 | D:12     | Killed a two-headed ogre
 11529 | D:12     | Reached skill level 10 in Shields
 11547 | D:12     | Found Guukhu's Jewellery Shoppe.
 11581 | D:12     | Noticed a boulder beetle
 11600 | D:12     | a boulder beetle changed into a floating eye
 11634 | D:12     | Found Dasoqa's Book Shoppe.
 11727 | D:12     | Found Hotil's Antique Weapon Emporium.
 11860 | D:12     | Found Oxtil's Magic Scroll Emporium.
 11865 | D:12     | Bought a scroll of enchant weapon for 127 gold pieces
 11865 | D:12     | Bought a scroll of identify for 34 gold pieces
 11865 | D:12     | Bought a scroll of enchant weapon for 127 gold pieces
 11865 | D:12     | Bought a scroll of identify for 34 gold pieces
 11865 | D:12     | Bought a scroll of identify for 34 gold pieces
 11912 | D:12     | Identified the +4 broad axe "Feaclam" {flame, rC+} (Okawaru
                  | gifted it to you on level 12 of the Dungeon)
 11912 | D:12     | Received a gift from Okawaru
 12091 | D:12     | Found a staircase to the Orcish Mines.
 12313 | D:12     | Found Viwe's Assorted Antiques.
 12318 | D:12     | Bought a bubbling amethyst potion for 25 gold pieces
 12318 | D:12     | Bought an orange potion for 25 gold pieces
 12320 | D:12     | Identified a potion of resistance
 12437 | Lair:1   | Entered Level 1 of the Lair of Beasts
 12448 | Lair:1   | Reached skill level 7 in Invocations
 12579 | Lair:1   | Noticed Urug
 12697 | Lair:1   | Killed Urug
 12850 | Lair:1   | Reached skill level 12 in Axes
 12905 | Lair:1   | Reached XP level 13. HP: 83/83 MP: 18/18
 13184 | Lair:1   | Noticed Fannar
 13217 | Lair:1   | Killed Fannar
 14210 | Lair:2   | Reached ****** piety under Okawaru
 14314 | Lair:2   | Identified the +9 scimitar of Fojabreg {flame, Int+4 Dex+4}
                  | (Okawaru gifted it to you on level 2 of the Lair of Beasts)
 14314 | Lair:2   | Received a gift from Okawaru
 14315 | Lair:2   | Reached skill level 8 in Invocations
 14735 | Lair:3   | Reached skill level 11 in Armour
 14809 | Lair:3   | Reached skill level 11 in Fighting
 15019 | Lair:3   | Reached skill level 11 in Shields
 15774 | Lair:4   | Received a gift from Okawaru
 15868 | Lair:4   | Found a staircase to the Snake Pit.
 15886 | Lair:4   | Reached skill level 13 in Axes
 16315 | Lair:4   | Identified the +1 robe of Imperfection {-Cast rPois rC+
                  | Will++} (Okawaru gifted it to you on level 4 of the Lair of
                  | Beasts)
 16315 | Lair:4   | Received a gift from Okawaru
 16316 | Lair:4   | Gained mutation: Your large and strong wings let you fly.
                  | [Gargoyle growth]
 16316 | Lair:4   | Reached XP level 14. HP: 44/90 MP: 20/20
 16597 | Lair:3   | Reached skill level 9 in Invocations
 16818 | Lair:4   | Found a staircase to the Swamp.
 17731 | Lair:5   | Found a runed translucent door.
 17750 | Lair:5   | Reached skill level 12 in Armour
 18176 | Lair:5   | Noticed an entropy weaver
 18260 | Lair:5   | Killed an entropy weaver
 18339 | Lair:5   | Reached skill level 12 in Fighting
 18339 | Lair:5   | Reached skill level 12 in Shields
 18360 | Lair:5   | Noticed an entropy weaver
 18374 | Lair:5   | Killed an entropy weaver
 18477 | Lair:5   | Noticed an entropy weaver
 18488 | Lair:5   | Reached skill level 14 in Axes
 18492 | Lair:5   | Killed an entropy weaver
 18590 | Lair:5   | Got the Tome of Translocation
 18798 | Lair:6   | Entered Level 6 of the Lair of Beasts
 18817 | Lair:6   | Received a gift from Okawaru
 18946 | Lair:6   | Reached skill level 10 in Invocations
 19150 | Lair:6   | Reached XP level 15. HP: 32/97 MP: 22/22
 19231 | Lair:6   | Found a staircase to the Slime Pits.
 19268 | Lair:6   | Received a gift from Okawaru
 19465 | Lair:6   | Received a gift from Okawaru
 19717 | Lair:6   | Got the Volume of Changing and Confrontation
 20129 | Lair:6   | Identified the +9 hand axe "Vucrad" {venom, Fragile Dex+5
                  | Stlth-} (Okawaru gifted it to you on level 6 of the Lair of
                  | Beasts)
 20129 | Lair:6   | Received a gift from Okawaru
 20211 | Lair:6   | Reached skill level 15 in Axes
 20211 | Lair:6   | Reached skill level 13 in Armour
 20520 | Lair:4   | Identified a scroll of acquirement
 20520 | Lair:4   | Acquired the ring "Midetost" {rC+ rN+ Will+ MP+9 Int+3}
 20812 | Orc:1    | Entered Level 1 of the Orcish Mines
 20817 | Orc:1    | Reached skill level 13 in Fighting
 21077 | Orc:1    | Reached skill level 13 in Shields
 21411 | Orc:2    | Entered Level 2 of the Orcish Mines
 21682 | Orc:2    | Reached skill level 11 in Invocations
 21720 | Orc:2    | Found Vearihim's Antique Weapon Shop.
 21769 | Orc:2    | Noticed an orc warlord
 21784 | Orc:2    | Killed an orc warlord
 21850 | Orc:2    | Noticed Donald
 21865 | Orc:2    | Killed Donald
 21914 | Orc:2    | Found a staircase to the Elven Halls.
 22290 | Orc:2    | Found Zohenauk's Antique Weapon Emporium.
 22294 | Orc:2    | Found Gijoenink's Antique Armour Shoppe.
 22307 | Orc:2    | Bought a pair of glowing boots for 262 gold pieces
 22436 | Orc:2    | Found Umuituaf's Antique Armour Emporium.
 22444 | Orc:2    | Bought an embroidered cloak for 210 gold pieces
 22557 | Orc:2    | Found Taschipsa's Magic Scroll Shop.
 22568 | Orc:2    | Bought a scroll of brand weapon for 280 gold pieces
 22568 | Orc:2    | Bought a scroll of blinking for 105 gold pieces
 22568 | Orc:2    | Bought a scroll of blinking for 105 gold pieces
 22874 | D:13     | Received a gift from Okawaru
 22930 | D:13     | Found a gateway to a bazaar.
 22938 | Bazaar   | Entered a bazaar
 22938 | Bazaar   | Found Zateh's Assorted Antiques.
 22946 | Bazaar   | Found Gummiuh's Distillery.
 22957 | Bazaar   | Found Ybrimobo's Distillery.
 22969 | Bazaar   | Found Wuxzaz's Antique Armour Shop.
 23020 | Bazaar   | Bought a dented brass amulet for 80 gold pieces
 23029 | Bazaar   | Bought a potion of haste for 90 gold pieces
 23029 | Bazaar   | Bought a potion of heal wounds for 45 gold pieces
 23037 | Bazaar   | Bought a potion of haste for 80 gold pieces
 23037 | Bazaar   | Bought a potion of mutation for 64 gold pieces
 23037 | Bazaar   | Bought a potion of heal wounds for 40 gold pieces
 23037 | Bazaar   | Bought a potion of might for 32 gold pieces
 23037 | Bazaar   | Bought a potion of mutation for 64 gold pieces
 23045 | Bazaar   | Bought a pair of runed boots for 195 gold pieces
 23045 | Bazaar   | Bought a kite shield for 117 gold pieces
 23138 | D:13     | Reached XP level 16. HP: 81/104 MP: 24/24
 23162 | D:13     | Found a gate leading to a gauntlet.
 23168 | Gauntlet | Entered a Gauntlet
 23168 | Gauntlet | Found a transporter.
 23188 | Gauntlet | Found a transporter.
 23190 | Gauntlet | Found a transporter.
 23197 | Gauntlet | Found a transporter.
 23213 | Gauntlet | Found a transporter.
 23218 | Gauntlet | Found a transporter.
 23237 | Gauntlet | Found a transporter.
 23255 | Gauntlet | Found a transporter.
 23263 | Gauntlet | Found a large runed translucent door.
 23264 | Gauntlet | Found a large runed translucent door.
 23265 | Gauntlet | Found a large runed translucent door.
 23265 | Gauntlet | Found a large runed translucent door.
 23266 | Gauntlet | Found a runed translucent gate.
 23267 | Gauntlet | Found a transporter.
 23267 | Gauntlet | Found a runed translucent gate.
 23268 | Gauntlet | Found a runed translucent gate.
 23269 | Gauntlet | Found a large runed translucent door.
 23269 | Gauntlet | Found a large runed translucent door.
 23269 | Gauntlet | Found a runed translucent door.
 23269 | Gauntlet | Found a runed translucent door.
 23270 | Gauntlet | Found a large runed translucent door.
 23271 | Gauntlet | Found a large runed translucent door.
 23273 | Gauntlet | Found a transporter.
 23278 | Gauntlet | Found a large runed translucent door.
 23278 | Gauntlet | Found a large runed translucent door.
 23279 | Gauntlet | Found a large runed translucent door.
 23280 | Gauntlet | Found a large runed translucent door.
 23288 | Gauntlet | Found a transporter.
 23290 | Gauntlet | Found a large runed translucent door.
 23290 | Gauntlet | Found a large runed translucent door.
 23291 | Gauntlet | Found a large runed translucent door.
 23292 | Gauntlet | Found a large runed translucent door.
 23294 | Gauntlet | Found a transporter.
 23309 | Gauntlet | Found a transporter.
 23317 | Gauntlet | Found a transporter.
 23317 | Gauntlet | Found a transporter.
 23334 | Gauntlet | Found a transporter.
 23351 | Gauntlet | Found a transporter.
 23371 | Gauntlet | Found a transporter.
 23683 | Gauntlet | Identified the ring "Paug" {Drain rCorr MP-9 AC+4 Int+9}
 23694 | Gauntlet | Identified the ring of Zennu {rPois rN+ Stlth+}
 23747 | Gauntlet | Got the Reference Book on Hexes and Moulding
 23915 | D:13     | Found a gate to the Vaults.
 24463 | D:14     | Identified the +4 robe "Ytooxt" {rPois rN+ Regen+} (Okawaru
                  | gifted it to you on level 14 of the Dungeon)
 24463 | D:14     | Received a gift from Okawaru
 24483 | D:14     | Found a frozen archway.
 24507 | IceCv    | Entered an ice cave
 24857 | IceCv    | Noticed an Ice Fiend
 24877 | IceCv    | Killed an Ice Fiend
 24925 | IceCv    | Noticed an Ice Fiend
 24953 | IceCv    | Killed an Ice Fiend
 24954 | IceCv    | Reached skill level 16 in Axes
 25016 | IceCv    | Identified a +0 crystal plate armour of cold resistance
 25298 | D:14     | Mangled by a very large slime creature

Vanquished Creatures
  2 Ice Fiends (IceCv)
  Donald (Orc:2)
  An orc warlord (Orc:2)
  A reaper (Gauntlet)
  A minotaur (Gauntlet)
  3 entropy weavers (Lair:5)
  A fire dragon (Lair:6)
  Fannar (Lair:1)
  2 boulder beetles
  A catoblepas (Lair:3)
  Erolcha (D:9)
  2 centaur warriors (D:13)
  7 hydras
  An ogre mage (Orc:1)
  A vault guard (D:13)
  A death knight (D:14)
  3 ghost crabs (Lair:5)
  4 two-headed ogres
  17 death yaks
  2 orc high priests
  Urug (Lair:1)
  Sonja (D:10)
  6 fire crabs (Lair:5)
  An obsidian statue (IceCv)
  A swamp dragon (Lair:6)
  A bog body (IceCv)
  A spriggan simulacrum (IceCv)
  An orange crystal statue (Lair:3)
  An orc knight (Orc:2)
  2 deep elf pyromancers
  3 orc sorcerers
  2 ugly things (D:13)
  A necromancer (Gauntlet)
  A shining eye (D:11)
  A manticore (Lair:6)
  5 cyclopes
  4 black mambas
  4 elephants
  2 torpor snails
  An apocalypse crab (Lair:5)
  A black mamba (shapeshifter) (D:14)
  12 cane toads
  3 unseen horrors
  A gargoyle (D:12)
  6 komodo dragons
  Maggie (D:6)
  A golden dragon simulacrum (IceCv)
  13 freezing wraiths
  A kobold demonologist (D:11)
  4 entropy weaver simulacra (IceCv)
  4 rime drakes
  2 ice devils (IceCv)
  10 polar bears (Lair:6)
  7 trolls
  A slime creature (shapeshifter) (Gauntlet)
  5 raiju (Lair:6)
  4 slime creatures
  14 blink frogs
  7 dream sheep
  A blink frog (shapeshifter) (Gauntlet)
  A shadow (D:12)
  Sigmund (D:5)
  A vampire (D:11)
  A spriggan (shapeshifter) (Gauntlet)
  3 wraiths
  2 wyverns
  76 yaks
  A dire elephant simulacrum (IceCv)
  11 humans (D:13)
  A steam dragon (D:6)
  A basilisk (Lair:6)
  2 minotaur simulacra (IceCv)
  Menkaure (D:7)
  A two-headed ogre zombie (D:12)
  2 harpy simulacra (IceCv)
  5 wargs
  2 swamp worms (Lair:4)
  3 nagas (Lair:4)
  20 water moccasins
  8 acid dragons
  A floating eye (D:12)
  Duvessa (D:6)
  12 hell hounds (Lair:6)
  Pargi (D:3)
  43 orc warriors
  3 ice beasts
  An ettin simulacrum (IceCv)
  17 black bears
  A sky beast (D:5)
  An alligator simulacrum (IceCv)
  12 ogres
  24 wolves
  9 centaurs
  A phantom (D:12)
  14 bullfrogs
  2 wyvern zombies
  5 deep troll simulacra (IceCv)
  A gnoll sergeant (D:8)
  2 scorpions (D:5)
  Dowan (D:6)
  3 water moccasin skeletons
  A troll zombie (D:12)
  5 killer bees (D:10)
  3 howler monkeys
  3 wights (D:8)
  A lindwurm simulacrum (IceCv)
  4 electric eels (Lair:4)
  2 centaur zombies
  A bullfrog zombie (D:6)
  Crazy Yiuf (D:3)
  2 hounds (D:3)
  32 orc priests
  A bullfrog skeleton (D:5)
  A gnoll shaman (D:9)
  2 jellies
  2 iguanas (Lair:6)
  28 orc wizards
  A scorpion zombie (D:5)
  6 ogre zombies (D:12)
  A hound skeleton (D:4)
  A howler monkey zombie (D:6)
  8 gnolls
  A howler monkey skeleton (D:6)
  7 adders
  3 shadow imps
  3 white imps
  An ufetubus (D:6)
  An adder skeleton (D:4)
  A worm (D:2)
  A dart slug (D:1)
  110 orcs
  8 ball pythons
  6 endoplasms
  5 giant cockroaches
  6 goblins
  9 hobgoblins
  2 jackals
  7 kobolds
  3 quokkas (D:2)
  5 bats
  3 frilled lizards
  A goblin skeleton (D:12)
  6 goblin zombies (D:12)
  2 hobgoblin zombies (D:12)
  3 orc skeletons (D:12)
  12 orc zombies (D:12)
  9 rats
  A bush (Lair:2)
811 creatures vanquished.

Vanquished Creatures (others)
  3 demonic plants (Gauntlet)
  9 fungi
  33 plants
  13 withered plants (Gauntlet)
58 creatures vanquished.

Grand Total: 869 creatures vanquished

Table legend: (Time is in decaauts)
 A = Elapsed time spent in this place.
 B = Non-inter-level travel time spent in this place.
 C = Inter-level travel time spent in this place.
 D = Time resting spent in this place.
 E = Time spent auto-exploring this place.
 F = Levels seen in this place.
 G = Mean time per level.
                   A        B        C        D        E       F      G
               +--------+--------+--------+--------+--------+-----+--------+
         Total |  25114 |  23677 |   1437 |   2828 |  13503 |  26 |  965.9 |
       Dungeon |  13501 |  12632 |    869 |   1511 |   7131 |  14 |  964.4 |
        Temple |    222 |    214 |      8 |      0 |    178 |   1 |  222.0 |
          Lair |   8025 |   7562 |    463 |    942 |   4649 |   6 | 1337.5 |
  Orcish Mines |   1964 |   1869 |     95 |    140 |   1088 |   2 |  982.0 |
        Bazaar |    135 |    135 |      0 |      0 |     69 |   1 |  135.0 |
      Ice Cave |    625 |    625 |      0 |    139 |    129 |   1 |  625.0 |
      Gauntlet |    638 |    638 |      0 |     96 |    257 |   1 |  638.0 |
               +--------+--------+--------+--------+--------+-----+--------+

Top non-repeatable levels by time:
  Lair:5: 1758 daAuts
  Lair:6: 1564 daAuts
     D:6: 1445 daAuts
  Lair:3: 1390 daAuts
    D:10: 1213 daAuts
  Lair:4: 1205 daAuts
   Orc:2: 1193 daAuts
    D:11: 1174 daAuts
     D:9: 1168 daAuts
  Lair:1: 1161 daAuts
     D:3: 1153 daAuts
    D:12: 1040 daAuts
     D:5: 999 daAuts
     D:1: 988 daAuts
     D:4: 957 daAuts

Table legend:
 A = Non-vault XP
 B = Vault XP
 C = Vault XP percentage of total XP
 D = Non-vault monster count
 E = Vault monster count
 F = Vault count percentage of total count
                 A         B        C        D         E       F
            +---------+---------+-------+---------+---------+-------
      Total |   83497 |   70077 |  45.6 |     490 |     320 |  39.5
            +---------+---------+-------+---------+---------+-------
        D:1 |      28 |       0 |   0.0 |      16 |       0 |   0.0
        D:2 |     109 |      17 |  13.5 |      25 |       9 |  26.5
        D:3 |     267 |     178 |  40.0 |      23 |       2 |   8.0
        D:4 |     132 |       8 |   5.7 |      13 |       2 |  13.3
        D:5 |     497 |    1846 |  78.8 |       7 |      16 |  69.6
        D:6 |     844 |     510 |  37.7 |      14 |       3 |  17.6
        D:7 |     636 |     172 |  21.3 |      18 |       1 |   5.3
        D:8 |     980 |       0 |   0.0 |      22 |       0 |   0.0
        D:9 |    4242 |     857 |  16.8 |      34 |       1 |   2.9
       D:10 |    5121 |    1634 |  24.2 |      28 |       2 |   6.7
       D:11 |    1937 |    4411 |  69.5 |      14 |      12 |  46.2
       D:12 |    2817 |     789 |  21.9 |      10 |      35 |  77.8
       D:13 |    6014 |    2974 |  33.1 |      18 |      12 |  40.0
       D:14 |    3843 |     698 |  15.4 |       8 |       2 |  20.0
     Lair:1 |    4568 |    1660 |  26.7 |      24 |       2 |   7.7
     Lair:2 |    5432 |     255 |   4.5 |      21 |       1 |   4.5
     Lair:3 |    6011 |     647 |   9.7 |       9 |       1 |  10.0
     Lair:4 |   10555 |     875 |   7.7 |      38 |       6 |  13.6
     Lair:5 |    6572 |   10533 |  61.6 |      18 |      16 |  47.1
     Lair:6 |   16319 |   15561 |  48.8 |      42 |      73 |  63.5
      Orc:1 |    3896 |    1573 |  28.8 |      40 |       7 |  14.9
      Orc:2 |    2677 |    8091 |  75.1 |      48 |      71 |  59.7
      IceCv |       0 |   12804 | 100.0 |       0 |      34 | 100.0
   Gauntlet |       0 |    3984 | 100.0 |       0 |      12 | 100.0
            +---------+---------+-------+---------+---------+-------
